 Dungeon Crawl Stone Soup version 0.30-a0-639-g3916f1956a (webtiles) character file.

Game seed: 11804482253115762353

120 TheGoodOne the Chopper (level 4, -10/61 HPs)
             Began as a Minotaur Berserker on Jan 15, 2023.
             Was a Believer of Trog.
             Mangled by an ogre
             ... wielding a +0 giant club
              (29 damage)
             ... on level 4 of the Dungeon.
             The game lasted 00:41:27 (4824 turns).

TheGoodOne the Chopper (Minotaur Berserker)         Turns: 4824, Time: 00:41:27

Health: -10/61     AC: 12    Str: 23    XL:     4   Next: 75%
Magic:  3/3        EV:  8    Int:  4    God:    Trog [**....]
Gold:   148        SH:  0    Dex: 10    Spells: 3/3 levels left

rFire   . . .      SeeInvis .    t - +0 war axe
rCold   . . .      Faith    .    (no shield)
rNeg    . . .      Spirit   .    n - +2 chain mail {Will+}
rPois   .          Reflect  .    (helmet restricted)
rElec   .          Harm     .    (no cloak)
rCorr   .          Rampage  .    (no gloves)
Will    ++...                    o - +0 pair of boots Stlth
                                 (no amulet)
HPRegen 0.30/turn                h - ring of willpower
MPRegen 0.08/turn                (no ring)

@: berserking, very quick
A: horns 2, retaliatory headbutt
a: Renounce Religion, Berserk, Trog's Hand


You were on level 4 of the Dungeon.
You worshipped Trog.
Trog was pleased with you.
You visited 1 branch of the dungeon, and saw 4 of its levels.

You collected 203 gold pieces.
You spent 55 gold pieces at shops.

Inventory:

Hand Weapons
 a - a +0 hand axe
 t - a +0 war axe (weapon)
Missiles
 d - 34 stones (quivered)
 r - 6 poisoned darts
Armour
 l - a +0 plate armour
 n - a +2 chain mail of willpower (worn)
 o - a +0 pair of boots (worn)
Jewellery
 h - a ring of willpower (left hand)
 s - a ring of resist corrosion
Scrolls
 c - 2 scrolls of teleportation
 f - a scroll of butterflies
 g - a scroll of vulnerability
 i - a scroll of acquirement {unknown}
 j - 2 scrolls of magic mapping
 k - a scroll of fog {unknown}
 m - a scroll of immolation
 q - a scroll of amnesia {unknown}
Potions
 b - a potion of degeneration {unknown}
 e - a potion of berserk rage
 p - a potion of curing


   Skills:
 + Level 4.6 Fighting
 + Level 5.2 Axes
 + Level 0.1 Throwing
 + Level 3.1 Armour
 + Level 2.7 Dodging
 + Level 0.5 Stealth


You had 3 spell levels left.
You didn't know any spells.
Your spell library was empty.

Dungeon Overview and Level Annotations

Branches:
Dungeon (4/15)
 Temple: D:4-7

Altars:
Cheibriados

Shops:
D:2 ?


Innate Abilities, Weirdness & Mutations

You have a pair of horns on your head.
You reflexively headbutt those who attack you in melee.


Message History

You kill the goblin!
Trog accepts your kill.
You hit the black bear. The goblin hits you but does no damage.
The kobold hits you but does no damage. The black bear bites you.
The black bear barely misses you. x2
Things that are here:
a +0 dagger; a +0 hand axe You barely miss the kobold.
You headbutt the kobold.
You kill the kobold!
Trog accepts your kill.
You hit the black bear. You closely miss the goblin. The black bear bites you!
The black bear claws you. The black bear barely misses you.
The goblin hits you with a +0 club.
You slash the endoplasm!
You kill the endoplasm!
Trog accepts your kill.
You barely miss the black bear. You slash the goblin!
You kill the goblin!
Trog accepts your kill. The black bear closely misses you.
The black bear claws you but does no damage.
The black bear claws you.
You barely miss the black bear.
The black bear is moderately wounded.
You slash the hound! You hit the ogre. The hound bites you but does no damage.
The black bear bites you but does no damage.
The black bear claws you but does no damage.
The black bear claws you. The ogre hits you with a +0 giant club!
You closely miss the black bear.
The black bear is moderately wounded.
You closely miss the hound. You slash the ogre!
The hound bites you but does no damage. x2
You slash the hound!
You kill the hound!
Trog accepts your kill.
You slash the ogre! You slash the black bear! The black bear bites you.
The black bear claws you but does no damage.
The black bear claws you.
The ogre hits you with a +0 giant club!!
You die...

## # # .. .. #.#. .###
... ..# ###'######
##.# ###...gh#..#
#..##### ......O@$..#
##)...... #########.##
#.....### #.#
#.#.#.### #.#
#.#.#....
#######.######.#.#####
#..............#.# #
#.#####.########.# #
#.# #.# # #.. ..# #


You could see a black bear, an ogre and a goblin.

Vanquished Creatures
  2 hounds (D:4)
  2 adders
  A dart slug (D:2)
  An orc (D:4)
  7 endoplasms
  4 giant cockroaches
  4 hobgoblins
  7 kobolds
  4 quokkas
  3 ball pythons
  4 bats
  4 frilled lizards
  13 goblins
  10 rats
66 creatures vanquished.

Notes
Turn   | Place    | Note
-------+----------+-------------------------------------------
     0 | D:1      | TheGoodOne the Minotaur Berserker began the quest for the
                  | Orb.
     0 | D:1      | Reached XP level 1. HP: 19/19 MP: 0/0
  1451 | D:1      | Reached skill level 4 in Axes
  1484 | D:1      | Reached XP level 2. HP: 27/27 MP: 1/1
  2543 | D:2      | Reached XP level 3. HP: 27/33 MP: 2/2
  2560 | D:2      | Found a snail-covered altar of Cheibriados.
  2660 | D:2      | Found Mihisiho's Magic Scroll Shoppe.
  2767 | D:2      | Bought a scroll of teleportation for 33 gold pieces
  2767 | D:2      | Bought a scroll of identify for 22 gold pieces
  3242 | D:2      | Reached ** piety under Trog
  4015 | D:3      | Found a faded altar of an unknown god.
  4335 | D:3      | Reached XP level 4. HP: 41/41 MP: 3/3
  4783 | D:4      | Reached skill level 5 in Axes
  4814 | D:4      | Noticed a black bear
  4815 | D:4      | Noticed an ogre
  4824 | D:4      | Mangled by an ogre

Illustrated notes

Levels and vault maps discovered:
D:1:      dpeg_arrival_round_b, layout_loops_ring, kennysheep_nondescript
D:2:      layout_loops_cross, basic_altar, serial_shops,
          nicolae_shop_hallway_plus, minmay_rat_gold_closets
D:3:      layout_loops_ring, hellmonk_ecumenical_altar_blasted
D:4:      layout_loops_ring, nemelex_dance_club_becter,
          nicolae_hepliaklqana_hazy_memory, nicolae_zen_rock_garden,
          hangedman_minor_gate_pass, uniq_duvessa, uniq_edmund, uniq_sigmund

Skill      XL: |  1  2  3  4 |
---------------+-------------+-----
Axes           | 4 5 |  5.2
Fighting       | 4 |  4.6
Armour         | 3 |  3.1
Throwing       | |  0.1
Dodging        | |  2.7
Stealth        | |  0.5

Action                   |  1- 3 |  4- 6 || total
-------------------------+-------+-------++-------
Melee: Hand axe          |   100 |    17 ||   117
       Headbutt          |     8 |     4 ||    12
       War axe           |       |     7 ||     7
Throw: Stone             |     3 |       ||     3
Invok: Berserk           |     6 |     1 ||     7
  Use: Scroll            |     4 |     1 ||     5
Armor: Animal skin       |     8 |       ||     8
       Scale mail        |    19 |       ||    19
       Chain mail        |     2 |    27 ||    29
Dodge: Dodged            |    72 |    13 ||    85

Table legend: (Time is in decaauts)
 A = Elapsed time spent in this place.
 B = Non-inter-level travel time spent in this place.
 C = Inter-level travel time spent in this place.
 D = Time resting spent in this place.
 E = Time spent auto-exploring this place.
 F = Levels seen in this place.
 G = Mean time per level.
                   A        B        C        D        E       F      G
               +--------+--------+--------+--------+--------+-----+--------+
         Total |   4897 |   2228 |   2669 |   1232 |    213 |   4 | 1224.2 |
       Dungeon |   4897 |   2228 |   2669 |   1232 |    213 |   4 | 1224.2 |
               +--------+--------+--------+--------+--------+-----+--------+

Top non-repeatable levels by time:
     D:1: 2578 daAuts
     D:2: 1508 daAuts
     D:3: 750 daAuts
     D:4: 60 daAuts
